 Dungeon Crawl Stone Soup version 0.25-a0-294-gea9b1ad378 (webtiles) character file.

Game seed: 822151686817172628, levelgen mode: deterministic

6815 MrRokkomies the Skirmisher (level 11, 0/83 HPs)
             Began as a Gnoll Wanderer on Dec 16, 2019.
             Was a High Priest of Ru.
             Slain by a komodo dragon (13 damage)
             ... on level 1 of the Lair of Beasts.
             The game lasted 00:34:17 (11483 turns).

MrRokkomies the Skirmisher (Gnoll Wanderer)        Turns: 11483, Time: 00:34:21

Health: 0/83       AC: 17    Str: 15    XL:     11   Next: 5%
Magic:  18/18      EV:  9    Int: 24    God:    Ru [*****.]
Gold:   267        SH:  0    Dex: 15    Spells: 16/20 levels left

rFire    . . .     SeeInvis +   a - +2 dagger (elec)
rCold    . . .     Gourm    .   (shield unavailable)
rNeg     . . .     Faith    +   v - +3 chain mail of Jirch {MR+ Int+2}
rPois    .         Spirit   .   j - +1 helmet
rElec    .         Reflect  .   p - +1 cloak
rCorr    .         Harm     .   (no gloves)
MR       +....                  (no boots)
Stlth    ..........             h - amulet of faith
HPRegen  0.23/turn              (ring unavailable)
MPRegen  0.16/turn              l - ring of see invisible

@: confused, brilliant, lethally poisoned (0 -> -70), exhausted, flying, very
slightly contaminated, invisible
A: distributed training, fangs 1, missing a hand, no stealth, unskilled 1,
missing an eye, strong nose
a: Draw Out Power, Power Leap, Apocalypse, Renounce Religion


You were on level 1 of the Lair of Beasts.
You worshipped Ru.
Ru was extremely pleased with you.
You were very hungry.

You visited 2 branches of the dungeon, and saw 9 of its levels.

You collected 523 gold pieces.
You spent 256 gold pieces at shops.

Inventory:

Hand Weapons
 a - a +2 dagger of electrocution (weapon)
 b - a +0 hunting sling
 i - a +1 short sword of venom
 F - a +1 flail of holy wrath
 M - a +0 mace of protection
Missiles
 e - 213 stones
 g - 98 bolts
 n - 35 poisoned darts
 o - 108 sling bullets
 r - 10 boomerangs (quivered)
 y - 8 datura-tipped darts
 G - 4 throwing nets
Armour
 j - a +1 helmet (worn)
 p - a +1 cloak (worn)
 v - the +3 chain mail of Jirch (worn) {MR+ Int+2}
   (You bought it in a shop on level 8 of the Dungeon)

   It affects your intelligence (+2).
   It affects your resistance to hostile enchantments.
 P - a +3 leather armour of fire resistance
Jewellery
 h - an amulet of faith (around neck)
 k - an uncursed ring of fire
 l - a ring of see invisible (right hand)
 H - an uncursed ring of resist corrosion
 Q - an uncursed ring of flight
Wands
 q - a wand of flame (52)
 z - a wand of disintegration (20)
 C - a wand of digging (5)
 J - a wand of iceblast (4)
Scrolls
 d - a scroll of amnesia
 s - 2 scrolls of enchant weapon
 t - a scroll of holy word {unknown}
 x - a scroll of teleportation
 A - 5 scrolls of identify
 I - a scroll of magic mapping
 K - a scroll of noise {unknown}
 N - a scroll of fear {unknown}
 R - a scroll of remove curse
 S - a scroll of immolation {unknown}
Potions
 c - a potion of heal wounds {unknown}
 m - a potion of invisibility
 u - a potion of ambrosia
 w - a potion of brilliance
 B - a potion of magic {unknown}
 D - a potion of might {unknown}
 E - 2 potions of flight
 L - 2 potions of mutation {unknown}
 O - a potion of haste {unknown}
Comestibles
 f - 9 rations


   Skills:
 + Level 6.8 Fighting
 + Level 5.8 Short Blades
 + Level 5.2 Long Blades
 + Level 5.2 Axes
 + Level 5.2 Maces & Flails
 + Level 5.2 Polearms
 + Level 5.2 Staves
 + Level 5.2 Slings
 + Level 5.0 Bows
 + Level 5.8 Crossbows
 + Level 5.2 Throwing
 + Level 5.8 Armour
 + Level 5.8 Dodging
   Level 0.0 Stealth
   Level 0.0 Shields
 + Level 5.2 Unarmed Combat
 + Level 5.2 Spellcasting
 + Level 4.3 Conjurations
 + Level 4.3 Hexes
 + Level 4.3 Charms
 + Level 4.3 Summonings
 + Level 4.3 Necromancy
 + Level 4.3 Translocations
 + Level 4.3 Transmutations
 + Level 4.3 Fire Magic
 + Level 4.3 Ice Magic
 + Level 4.3 Air Magic
 + Level 4.3 Earth Magic
 + Level 4.3 Poison Magic
 + Level 5.8 Invocations
 + Level 5.2 Evocations


You had 16 spell levels left.
You knew the following spells:

 Your Spells              Type           Power        Failure   Level  Hunger
a - Summon Lightning Spi  Summ/Air       #####...     24%         4    ####...

Your spell library contained the following spells:

 Spells                   Type           Power        Failure   Level  Hunger
 Summon Small Mammal      Summ           ####         3%          1    None
 Call Imp                 Summ           #####...     4%          2    None
 Call Canine Familiar     Summ           #####...     8%          3    ##.....
 Summon Guardian Golem    Hex/Summ       #####...     8%          3    ##.....
 Summon Ice Beast         Ice/Summ       #####...     24%         4    ####...


Dungeon Overview and Level Annotations

Branches:
Dungeon (8/15)             Temple (0/1) D:5            Lair (1/6) D:8

Altars:
Cheibriados
Elyvilon
Gozag
Kikubaaqudgha
Ru
Trog
Vehumet
Zin
The Shining One

Shops:
D:5 [   D:8 [


Innate Abilities, Weirdness & Mutations

Your experience applies equally to all skills.
You have very sharp teeth.
You are missing a hand.
You cannot be stealthy.
You are somewhat unskilled. (-1 Apt)
You are missing an eye, making it more difficult to aim.
Your uncanny sense of smell can sniff out nearby items.


Message History

You focus your will and blind the komodo dragon in retribution!
You're too exhausted to draw out your power.
Okay, then.
Unknown command.
Unknown command.
It was a potion of ambrosia.
You are confused.
You feel invigorated.
* * * LOW HITPOINT WARNING * * *
You feel very sick.
The water moccasin bites you but does no damage.
The spiny frog stings you but does no damage.
The komodo dragon barely misses you.
It was a potion of brilliance.
You feel clever all of a sudden.
* * * LOW HITPOINT WARNING * * *
You feel very sick.
The water moccasin bites you but does no damage.
The spiny frog misses you. The komodo dragon bites you!
You die...

.................
....)............
..........$....#.
.................
................
...............
.........FS#
.......t.l@#
....######## . ..
.... ..


You could see a komodo dragon (blind), a spiny frog, a water moccasin and a
crocodile (wandering).

Vanquished Creatures
  Harold (D:7)
  An unseen horror (D:5)
  Joseph (D:7)
  A spiny frog (Lair:1)
  2 komodo dragons
  Grinder (D:4)
  6 yaks (Lair:1)
  A steam dragon (D:7)
  Duvessa (D:7)
  A porcupine (Lair:1)
  A sky beast (D:5)
  2 phantoms
  2 centaurs (D:8)
  2 crocodiles (Lair:1)
  5 ogres
  Blork the orc (D:6)
  A gnoll sergeant (D:6)
  3 bullfrogs
  A water moccasin zombie (D:7)
  6 scorpions
  A water moccasin skeleton (D:7)
  Dowan (D:7)
  5 wights
  5 crimson imps
  A jelly (D:8)
  A centaur zombie (D:8)
  A bullfrog zombie (D:6)
  A centaur skeleton (D:4)
  4 orc priests
  2 bullfrog skeletons
  5 hounds
  3 iguanas (D:8)
  Natasha (twice) (D:2)
  7 orc wizards
  5 worker ants
  A hound zombie (D:8)
  14 adders
  4 gnolls (D:6)
  A shadow imp (D:4)
  An adder zombie (D:5)
  An ooze (D:3)
  2 worms
  A dart slug (D:1)
  5 leopard geckos
  26 orcs
  14 bats
  7 giant cockroaches
  6 goblins
  7 hobgoblins
  3 jackals (D:2)
  6 quokkas
  A ball python (D:3)
  A ball python skeleton (D:5)
  7 frilled lizards
  A jackal skeleton (D:4)
  6 kobolds
  A leopard gecko zombie (D:7)
  5 rats
  A fungus (D:1)
206 creatures vanquished.

Vanquished Creatures (others)
  Natasha (D:2)
  An adder (D:4)
  2 leopard geckos
  An orc (D:5)
  2 fungi
  2 plants (D:8)
9 creatures vanquished.

Grand Total: 215 creatures vanquished

Notes
Turn   | Place    | Note
-------+----------+-------------------------------------------
     0 | D:1      | MrRokkomies the Gnoll Wanderer began the quest for the Orb.
     0 | D:1      | MrRokkomies set off with the following items: a +2 short
                  | sword, 2 potions of lignification, a +0 robe, a +0 dagger,
                  | a ration
     0 | D:1      | Reached XP level 1. HP: 20/20 MP: 1/1
   518 | D:1      | Reached XP level 2. HP: 26/26 MP: 2/2
  1684 | D:2      | Found a sacrificial altar of Ru.
  1691 | D:2      | Became a worshipper of Ru the Awakened
  1818 | D:2      | Reached XP level 3. HP: 19/31 MP: 3/3
  2023 | D:2      | Reached skill level 1 in Invocations
  2406 | D:2      | Noticed Natasha
  2421 | D:2      | Killed Natasha
  2421 | D:2      | Reached skill level 1 in Long Blades
  2421 | D:2      | Reached skill level 1 in Axes
  2421 | D:2      | Reached skill level 1 in Maces & Flails
  2421 | D:2      | Reached skill level 1 in Polearms
  2421 | D:2      | Reached skill level 1 in Staves
  2421 | D:2      | Reached skill level 1 in Slings
  2421 | D:2      | Reached skill level 1 in Bows
  2421 | D:2      | Reached skill level 1 in Throwing
  2421 | D:2      | Reached skill level 1 in Unarmed Combat
  2421 | D:2      | Reached skill level 1 in Spellcasting
  2421 | D:2      | Reached skill level 1 in Evocations
  2421 | D:2      | Reached XP level 4. HP: 18/38 MP: 5/5
  2719 | D:2      | Noticed Natasha
  2726 | D:2      | Killed Natasha
  2726 | D:2      | Reached skill level 1 in Conjurations
  2726 | D:2      | Reached skill level 1 in Hexes
  2726 | D:2      | Reached skill level 1 in Charms
  2726 | D:2      | Reached skill level 1 in Summonings
  2726 | D:2      | Reached skill level 1 in Necromancy
  2726 | D:2      | Reached skill level 1 in Translocations
  2726 | D:2      | Reached skill level 1 in Transmutations
  2726 | D:2      | Reached skill level 1 in Fire Magic
  2726 | D:2      | Reached skill level 1 in Ice Magic
  2726 | D:2      | Reached skill level 1 in Air Magic
  2726 | D:2      | Reached skill level 1 in Earth Magic
  2726 | D:2      | Reached skill level 1 in Poison Magic
  2740 | D:2      | Noticed Natasha
  2758 | D:2      | Killed Natasha
  2758 | D:2      | Reached XP level 5. HP: 27/43 MP: 5/7
  3169 | D:3      | Gained mutation: You are missing a hand. [Ru sacrifice]
  3169 | D:3      | Reached * piety under Ru
  3169 | D:3      | Reached ** piety under Ru
  3252 | D:3      | Found a glowing silver altar of Zin.
  3589 | D:4      | Noticed an ogre
  3595 | D:4      | Killed an ogre
  3595 | D:4      | Reached XP level 6. HP: 46/50 MP: 8/8
  3697 | D:4      | Reached skill level 1 in Bows
  3803 | D:4      | Reached skill level 5 in Fighting
  4177 | D:4      | Noticed a phantom
  4190 | D:4      | Reached XP level 7. HP: 51/56 MP: 10/10
  4214 | D:4      | Found an opulent altar of Gozag.
  4227 | D:4      | Found a glowing golden altar of the Shining One.
  4432 | D:4      | HP: 4/84 [poisoned by an orc priest]
  4440 | D:4      | HP: 4/84 [poisoned by an orc priest]
  5019 | D:4      | Noticed Grinder
  5033 | D:4      | Paralysed by Grinder for 4 turns
  5066 | D:4      | Killed Grinder
  5066 | D:4      | Reached skill level 5 in Stealth
  5066 | D:4      | Reached XP level 8. HP: 35/63 MP: 10/12
  5652 | D:5      | Entered Level 5 of the Dungeon
  5753 | D:5      | You fall into a shaft and drop 1 floor!
  5823 | D:6      | Found a white marble altar of Elyvilon.
  6223 | D:6      | Gained mutation: You are somewhat unskilled. (-1 Apt) [Ru
                  | sacrifice]
  6223 | D:6      | Reached *** piety under Ru
  6223 | D:6      | Reached **** piety under Ru
  6239 | D:6      | Reached skill level 5 in Stealth
  6365 | D:6      | Noticed Blork the orc
  6426 | D:6      | Killed Blork the orc
  6426 | D:6      | Reached XP level 9. HP: 16/68 MP: 12/14
  6763 | D:6      | Found a radiant altar of Vehumet.
  7511 | D:5      | Found Qeirch's Antique Armour Shoppe.
  7578 | D:5      | Found a snail-covered altar of Cheibriados.
  7758 | D:5      | Found a staircase to the Ecumenical Temple.
  7847 | D:5      | Noticed an unseen horror
  8137 | D:5      | Killed an unseen horror
  8354 | D:7      | Gained mutation: You are missing an eye, making it more
                  | difficult to aim. [Ru sacrifice]
  8354 | D:7      | Reached ***** piety under Ru
  8430 | D:7      | Reached skill level 6 in Fighting
  8492 | D:7      | Noticed Harold
  8506 | D:7      | Killed Harold
  8506 | D:7      | Reached skill level 5 in Short Blades
  8506 | D:7      | Reached skill level 5 in Crossbows
  8506 | D:7      | Reached skill level 5 in Armour
  8506 | D:7      | Reached skill level 5 in Dodging
  8506 | D:7      | Reached XP level 10. HP: 35/76 MP: 16/16
  8875 | D:7      | Reached skill level 5 in Invocations
  8934 | D:7      | Noticed Duvessa
  8954 | D:7      | Noticed Dowan
  8957 | D:7      | Killed Dowan
  8957 | D:7      | Killed Duvessa
  9178 | D:7      | Noticed Joseph
  9227 | D:7      | Killed Joseph
  9833 | D:8      | Found a bloodstained altar of Trog.
  9842 | D:8      | Learned a level 4 spell: Summon Lightning Spire
  9944 | D:8      | Found an ancient bone altar of Kikubaaqudgha.
 10371 | D:8      | Found Exouq's Antique Armour Shoppe.
 10378 | D:8      | Bought a slimy chain mail for 256 gold pieces
 10388 | D:8      | Identified the +3 chain mail of Jirch {MR+ Int+2} (You
                  | bought it in a shop on level 8 of the Dungeon)
 10400 | D:8      | Found a staircase to the Lair.
 10718 | Lair:1   | Entered Level 1 of the Lair of Beasts
 10718 | Lair:1   | Noticed a spiny frog
 10723 | Lair:1   | Gained mutation: You cannot be stealthy. [Ru sacrifice]
 10726 | Lair:1   | Killed a spiny frog
 10753 | Lair:1   | Reached skill level 5 in Long Blades
 10753 | Lair:1   | Reached skill level 5 in Axes
 10753 | Lair:1   | Reached skill level 5 in Maces & Flails
 10753 | Lair:1   | Reached skill level 5 in Polearms
 10753 | Lair:1   | Reached skill level 5 in Staves
 10753 | Lair:1   | Reached skill level 5 in Slings
 10753 | Lair:1   | Reached skill level 5 in Throwing
 10753 | Lair:1   | Reached skill level 5 in Unarmed Combat
 10753 | Lair:1   | Reached skill level 5 in Spellcasting
 10753 | Lair:1   | Reached skill level 5 in Evocations
 10906 | Lair:1   | Reached XP level 11. HP: 40/83 MP: 18/18
 11191 | Lair:1   | Reached skill level 5 in Bows
 11452 | Lair:1   | Noticed an eight-headed hydra
 11464 | Lair:1   | Noticed a four-headed hydra
 11483 | Lair:1   | Slain by a komodo dragon

Levels and vault maps discovered:
D:1:      dpeg_cavernosity, layout_basic
D:2:      layout_basic, nicolae_overflow_crystal_walls, serial_bayou_crossing,
          uniq_natasha
D:3:      layout_loops_ring, lemuel_crystal_altar, serial_park_tiny_pond
D:4:      layout_basic, minitemple, uniq_grinder
D:5:      kennysheep_windowed_halls, layout_loops_ring,
          overflow_temple_1_default, minmay_temple_entry_junction, serial_shops,
          shop_coins, first_ration
D:6:      old_forge, layout_basic, nicolae_overflow_hidden_temple, basic_altar,
          gup_sewer_entry_pipe, uniq_blork_the_orc
D:7:      layout_loops_ring, uniq_joseph, uniq_duvessa, uniq_harold
D:8:      layout_loops_corners, lemuel_crystal_altar, lemuel_crystal_altar,
          david_lair_shrubbed, serial_shops, nicolae_shop_waterfront
Lair:1:   layout_chaotic_city, hibernation_bobbens

Skill      XL: |  1  2  3  4  5  6  7  8  9 10 11 |
---------------+----------------------------------+-----
Invocations    | 1 2 3 4 5 |  5.8
Long Blades    | 1 2 3 4 5 |  5.2
Axes           | 1 2 3 4 5 |  5.2
Maces & Flails | 1 2 3 4 5 |  5.2
Polearms       | 1 2 3 4 5 |  5.2
Staves         | 1 2 3 4 5 |  5.2
Slings         | 1 2 3 4 5 |  5.2
Bows           | 1 0 1 2 3 4 5 |  5.0
Throwing       | 1 2 3 4 5 |  5.2
Unarmed Combat | 1 2 3 4 5 |  5.2
Spellcasting   | 1 2 3 4 5 |  5.2
Evocations     | 1 2 3 4 5 |  5.2
Conjurations   | 1 2 3 4 |  4.3
Hexes          | 1 2 3 4 |  4.3
Charms         | 1 2 3 4 |  4.3
Summonings     | 1 2 3 4 |  4.3
Necromancy     | 1 2 3 4 |  4.3
Translocations | 1 2 3 4 |  4.3
Transmutations | 1 2 3 4 |  4.3
Fire Magic     | 1 2 3 4 |  4.3
Ice Magic      | 1 2 3 4 |  4.3
Air Magic      | 1 2 3 4 |  4.3
Earth Magic    | 1 2 3 4 |  4.3
Poison Magic   | 1 2 3 4 |  4.3
Shields        | 0 |  0.0
Short Blades   | 3 4 5 |  5.8
Crossbows      | 3 4 5 |  5.8
Armour         | 3 4 5 |  5.8
Dodging        | 3 4 5 |  5.8
Fighting       | 5 6 |  6.8
Stealth        | 5 5 0 |  0.0

Action                   |  1- 3 |  4- 6 |  7- 9 | 10-12 || total
-------------------------+-------+-------+-------+-------++-------
Melee: Short sword       |    27 |       |     7 |       ||    34
       Bite              |    13 |    21 |    46 |    29 ||   109
       Mace              |    88 |   199 |   405 |       ||   692
       Punch             |       |     1 |       |       ||     1
       Dagger            |       |       |   128 |   263 ||   391
Throw: Dart              |       |    10 |    24 |       ||    34
       Boomerang         |       |       |    28 |    32 ||    60
Invok: Sacrifice a Hand  |       |     1 |       |       ||     1
       Sacrifice Skill   |       |       |     1 |       ||     1
       Sacrifice an Eye  |       |       |     1 |       ||     1
       Power Leap        |       |       |       |     3 ||     3
       Sacrifice Stealth |       |       |       |     1 ||     1
Evoke: Wand              |       |       |     9 |       ||     9
  Use: Scroll            |       |     8 |     2 |     1 ||    11
       Potion            |       |     1 |     3 |     4 ||     8
 Stab: Sleeping          |     9 |     6 |       |     4 ||    19
       Invisible         |       |       |     5 |     5 ||    10
       Distracted        |       |       |     2 |       ||     2
       Paralysed         |       |       |       |     2 ||     2
  Eat: Ration            |     1 |       |       |     1 ||     2
       Chunk             |     1 |     5 |    16 |     5 ||    27
Armor: Robe              |    41 |    19 |       |       ||    60
       Scale mail        |       |    97 |       |       ||    97
       Chain mail        |       |    25 |   322 |    70 ||   417
       Skin              |       |       |    21 |       ||    21
       Leather armour    |       |       |       |    10 ||    10
Dodge: Dodged            |   102 |   145 |   200 |   104 ||   551
Block: Buckler           |       |     4 |       |       ||     4

Table legend:
 A = Non-vault XP
 B = Vault XP
 C = Vault XP percentage of total XP
 D = Non-vault monster count
 E = Vault monster count
 F = Vault count percentage of total count
                 A         B        C        D         E       F
            +---------+---------+-------+---------+---------+-------
      Total |    5697 |    4039 |  41.5 |     161 |      47 |  22.6
            +---------+---------+-------+---------+---------+-------
        D:1 |      17 |       7 |  29.2 |      10 |       4 |  28.6
        D:2 |     135 |      36 |  21.1 |      20 |       1 |   4.8
        D:3 |      51 |       0 |   0.0 |      20 |       0 |   0.0
        D:4 |     897 |     290 |  24.4 |      31 |       1 |   3.1
        D:5 |     243 |    1194 |  83.1 |      18 |      13 |  41.9
        D:6 |     548 |     531 |  49.2 |      15 |      23 |  60.5
        D:7 |     818 |    1620 |  66.4 |      19 |       4 |  17.4
        D:8 |     689 |     361 |  34.4 |      17 |       1 |   5.6
     Lair:1 |    2299 |       0 |   0.0 |      11 |       0 |   0.0
            +---------+---------+-------+---------+---------+-------
